 Dungeon Crawl Stone Soup version 0.17.1-3-g152610e (webtiles) character file.

47 jacquesderrida the Caller (level 3, -7/21 HPs)
             Began as a High Elf Summoner on Apr 6, 2016.
             Killed by divine providence
             ... invoked by an orc priest
              (17 damage)
             ... on level 4 of the Dungeon.
             The game lasted 00:03:47 (765 turns).

jacquesderrida the Caller (High Elf Summoner)        Turns: 765, Time: 00:03:47

Health: -7/21      AC:  2    Str:  8    XL:     3   Next: 48%
Magic:  2/7        EV: 13    Int: 18    God:
Gold:   88         SH:  0    Dex: 16    Spells: 3 memorised, 0 levels left

rFire  . . .     SeeInvis .     d - +0 short sword
rCold  . . .     Clarity  .     a - +0 robe
rNeg   . . .     SustAt   .     (no shield)
rPois  .         Gourm    .     (no helmet)
rElec  .         Spirit   .     (no cloak)
rCorr  .         Warding  .     (no gloves)
rMut   .         Stasis   .     (no boots)
MR     .....                    (no amulet)
Stlth  ++........               (no ring)
                                (no ring)

@: not resistant to hostile enchantments, unstealthy
A: no striking features
a: no special abilities


You were on level 4 of the Dungeon.
You were not hungry.

You visited 1 branch of the dungeon, and saw 4 of its levels.

You collected 88 gold pieces.

Inventory:

Hand Weapons
 d - a +0 short sword (weapon)
Armour
 a - a +0 robe (worn)
Scrolls
 e - 3 scrolls of remove curse {unknown}
 f - 2 scrolls of identify {unknown}
Potions
 g - a potion of curing
 h - a potion of lignification {unknown}
 i - a potion of agility {unknown}
 k - a potion of haste {unknown}
Books
 b - a book of Callings

   Spells                             Type                      Level
   a - Summon Small Mammal            Summoning                    1
   b - Call Imp                       Summoning                    2
   c - Call Canine Familiar           Summoning                    3
   d - Summon Guardian Golem          Hexes/Summoning              3
   e - Summon Lightning Spire         Summoning/Air                4
   f - Summon Ice Beast               Ice/Summoning                4
Comestibles
 c - 2 bread rations
 j - a chunk of flesh


   Skills:
 - Level 2.1 Dodging
 - Level 2.1 Stealth
 - Level 2.4 Spellcasting
 + Level 4.8 Summonings


You couldn't memorise any spells.
You knew the following spells:

 Your Spells              Type           Power        Failure   Level  Hunger
a - Summon Small Mammal   Summ           ###.         2%          1    #......
b - Call Imp              Summ           ###.....     4%          2    ##.....
c - Call Canine Familiar  Summ           ###.....     10%         3    ###....


Dungeon Overview and Level Annotations

Branches:
Dungeon (4/15)
 Temple: D:4-7

Altars:
Kikubaaqudgha


Message History

You swap places.
The giant gecko closely misses your shadow imp.
Your shadow imp barely misses the giant gecko.
The giant gecko bites your shadow imp.
The giant gecko bites your shadow imp but does no damage.
The orc priest invokes the aid of Beogh against you.
Something smites you!
Ouch! That really hurt!
* * * LOW HITPOINT WARNING * * *
Your shadow imp hits the giant gecko.
The giant gecko misses your shadow imp.
Your shadow imp barely misses the giant gecko.
Drink which item? (? for menu, Esc to quit)
It was a potion of curing.
You feel better.
Casting: Call Imp
Confirm with . or Enter, or press ? or * to list all spells.
The orc priest mumbles some strange prayers to Beogh against you.
Something smites you!
Ouch! That really hurt!
You die...

.#########
.......h.######
.......@..o.o.#
##########.####.#########
.......<...5l.lo.........
################.o.......
...............
............##.
o..o..o.....#
............#
..o...oo....#


You could see an orc priest, an orc, a giant gecko, a friendly hound and a
friendly shadow imp.

Vanquished Creatures
  3 goblins
  A hobgoblin (D:2)
  3 bats (D:2)
  A giant newt (D:1)
  A quokka (D:2)
9 creatures vanquished.

Vanquished Creatures (collateral kills)
  3 adders (D:3)
  An ooze (D:3)
  A giant cockroach (D:1)
  3 hobgoblins
  5 kobolds
  2 ball pythons
  4 bats
  2 giant newts
  4 goblins (D:1)
  2 rats
27 creatures vanquished.

Grand Total: 36 creatures vanquished

Notes
Turn   | Place    | Note
--------------------------------------------------------------
     0 | D:1      | jacquesderrida the High Elf Summoner began the quest for the Orb.
     0 | D:1      | Reached XP level 1. HP: 11/11 MP: 4/4
   148 | D:1      | Reached skill level 4 in Summonings
   178 | D:1      | Reached XP level 2. HP: 12/17 MP: 4/6
   190 | D:1      | Learned a level 2 spell: Call Imp
   374 | D:2      | Found an ancient bone altar of Kikubaaqudgha.
   488 | D:3      | Reached XP level 3. HP: 9/21 MP: 0/7
   621 | D:2      | Learned a level 3 spell: Call Canine Familiar
   765 | D:4      | Killed from afar by an orc priest

Action                   || total
-------------------------++-------
Melee: Short sword       ||    44
 Cast: Summon Small Mamm ||    14
       Call Imp          ||    17
       Call Canine Famil ||     2
  Use: Potion            ||     1
 Stab: Sleeping          ||     3
  Eat: Chunk             ||     1
